AoeStats
← T115937

Black Forest

507041081Analyzed
4v4 RM · 16d ago on Sep 16, 2026· 23m 39s· 8 players
Game mode
Random Map
Map size
Large (8 player)
Population
200
Speed
Normal
Resources
Standard
Victory
Conquest
Starting age
Dark Age
Ending age
Imperial Age
RankedLock teamsTeams togetherTeam positionsShared explorationLock speedFull tech treeHidden civsTurbo modeCheats
Victory
Defeat
🇨🇳 Khmer · China
751
+10
🇹🇷 Wu · Türkiye
733
+11
🇨🇳 Chinese · China
700
+12
🇨🇳 Persians · China
687
+13
🇨🇱 Persians · Chile
638
-12
🇹🇼 Britons · Taiwan
621
-12
🇹🇼 Spanish · Taiwan
603
-11
🇪🇸 Mongols · Spain
600
-11
Skucuker
11:38 Feudal Age
13:28 Horse Collar
13:37 Double-Bit Axe
13:51 Loom
15:50 Bloodlines
19:40 Castle Age
21:04 Squires
21:20 Forging
23:44 Gold Mining
狩猎
0:35 Loom
10:58 Feudal Age
16:26 Castle Age
14:38 Horse Collar
14:51 Double-Bit Axe
15:28 Gold Mining
18:28 Bow Saw
2394984800
12:29 Feudal Age
14:14 Double-Bit Axe
14:17 Horse Collar
17:28 Castle Age
20:23 Bloodlines
21:00 Scale Barding Armor
21:45 Forging
22:40 Husbandry
23:50 Chain Barding Armor
TAGRNM
0:27 Loom
18:49 Feudal Age
19:17 Double-Bit Axe
19:28 Gold Mining
22:48 Forging
pigfly414
T115937
11:28 Feudal Age
12:24 Man-at-Arms
uso61599904
3:07 Loom
McVainas
0:27 Loom
Connection lost

Rejoining the realm…

Still unreachable

The connection could not be restored.

Session expired

The server has moved on; the page needs a fresh start.